 Dungeon Crawl Stone Soup version 0.26-a0-649-gf8c6c3aab7 (webtiles) character file.

Game seed: 754124521051514002

39 ringo67 the Chopper (level 3, -4/34 HPs)
             Began as a Naga Monk on Sept 27, 2020.
             Slain by an adder (5 damage)
             ... on level 2 of the Dungeon.
             The game lasted 00:03:07 (1056 turns).

ringo67 the Chopper (Naga Monk)                     Turns: 1056, Time: 00:03:08

Health: -4/34      AC:  2    Str: 14    XL:     3   Next: 45%
Magic:  3/3        EV: 10    Int: 10    God:
Gold:   106        SH:  0    Dex: 13    Spells: 2/2 levels left

rFire    . . .     SeeInvis +   j - +0 war axe (elec)
rCold    . . .     Faith    .   (no shield)
rNeg     . . .     Spirit   .   e - +0 robe
rPois    +         Reflect  .   (no helmet)
rElec    .         Harm     .   (no cloak)
rCorr    .         Rampage  .   (no gloves)
MR       .....                  (no barding)
Stlth    ++........             (no amulet)
HPRegen  0.11/turn              (no ring)
MPRegen  0.08/turn              (no ring)

@: very slow
A: large, see invisible, deformed body, poison resistance, slowness 2, spit
poison 1, AC +1
a: Spit Poison


You were on level 2 of the Dungeon.
You visited 1 branch of the dungeon, and saw 2 of its levels.

You collected 106 gold pieces.

Inventory:

Hand Weapons
 a - a +0 hand axe
 j - a +0 war axe of electrocution (weapon)
Armour
 b - a +0 robe
 e - a +0 robe (worn)
Scrolls
 f - a scroll of teleportation
 g - a scroll of magic mapping
 i - a scroll of identify
Potions
 c - 2 potions of curing
 d - a potion of might {unknown}
 h - a potion of degeneration {unknown}
 k - a potion of stabbing {unknown}


   Skills:
 + Level 3.4 Fighting
 + Level 3.5 Axes
 + Level 1.2 Armour
 - Level 2.4 Dodging
 - Level 3.0 Stealth


You had 2 spell levels left.
You didn't know any spells.
Your spell library was empty.

Dungeon Overview and Level Annotations

Branches:
Dungeon (2/15)

Altars:
The Shining One


Innate Abilities, Weirdness & Mutations

You cannot wear boots.
Your serpentine skin is tough. (AC +1)
You have supernaturally acute eyesight. (SInv)
Armour fits poorly on your strangely shaped body.
Your system is resistant to poisons. (rPois)
You cover ground very slowly.
You can spit poison.


Message History

You hit the adder but do no damage.
The adder is heavily wounded.
You barely miss the adder. The adder closely misses you. The adder bites you.
You miss the adder. You slash the adder! Lightning courses through the adder!
You kill the adder!
The adder bites you.
* * * LOW HITPOINT WARNING * * *
The adder closely misses you.
You can't do that yet.
You closely miss the adder.
You have got your breath back.
The adder bites you.
* * * LOW HITPOINT WARNING * * *
The adder bites you.
* * * LOW HITPOINT WARNING * * *
You miss the adder. You hit the quokka but do no damage. The quokka bites you.
* * * LOW HITPOINT WARNING * * *
The adder bites you but does no damage. The quokka closely misses you.
You miss the adder. You closely miss the quokka. The adder bites you.
You die...

...........##...... ..
..S......##...... ...
#.............. .
..########†.....†.....
..##..............†...).
....................#...
#...................#...
#.....S†....#.....####..
###[.r@..........####..
##..........#####....
#..........#........
#..........#.)..†...
#..........#........
#........##.........
#...................
###.................
.............


You could see an adder and a quokka.

Vanquished Creatures
  2 adders (D:2)
  An ooze (D:2)
  4 hobgoblins
  2 kobolds (D:2)
  A quokka (D:2)
  2 frilled lizards (D:2)
  6 rats
18 creatures vanquished.

Notes
Turn   | Place    | Note
-------+----------+-------------------------------------------
     0 | D:1      | ringo67 the Naga Monk began the quest for the Orb.
     0 | D:1      | Reached XP level 1. HP: 21/21 MP: 1/1
    83 | D:1      | Found a glowing golden altar of the Shining One.
   717 | D:2      | Reached XP level 2. HP: 28/28 MP: 2/2
  1006 | D:2      | Reached skill level 1 in Armour
  1045 | D:2      | Reached XP level 3. HP: 23/34 MP: 3/3
  1055 | D:2      | HP: 1/34 [quokka (2)]
  1056 | D:2      | Slain by an adder

Illustrated notes

Levels and vault maps discovered:
D:1:      onia_arrival_mini_spirals, layout_basic, tso_metal_star
D:2:      layout_basic, grunt_qazlal_clouds

Skill      XL: |  1  2 |
---------------+-------+-----
Armour         | 1 |  1.2
Fighting       | |  3.4
Axes           | |  3.5
Dodging        | |  2.4
Stealth        | |  3.0

Action                   || total
-------------------------++-------
Melee: Hand axe          ||    20
       War axe           ||    15
 Abil: Spit Poison       ||    15
  Use: Scroll            ||     4
Armor: Robe              ||     4
Dodge: Dodged            ||    22

Table legend: (Time is in decaauts)
 A = Elapsed time spent in this place.
 B = Non-inter-level travel time spent in this place.
 C = Inter-level travel time spent in this place.
 D = Time resting spent in this place.
 E = Time spent auto-exploring this place.
 F = Levels seen in this place.
 G = Mean time per level.
                   A        B        C        D        E       F      G
               +--------+--------+--------+--------+--------+-----+--------+
         Total |   1364 |   1315 |     49 |    186 |    890 |   2 |  682.0 |
       Dungeon |   1364 |   1315 |     49 |    186 |    890 |   2 |  682.0 |
               +--------+--------+--------+--------+--------+-----+--------+

Top non-repeatable levels by time:
     D:1: 954 daAuts
     D:2: 409 daAuts
